AoeStats
← tavoo

MegaRandom

509483380Analyzed
3v3 RM · 6d ago on Sep 26, 2026· 49m 1s· 6 players
Game mode
Random Map
Map size
Normal (6 player)
Population
200
Speed
Normal
Resources
Standard
Victory
Conquest
Starting age
Dark Age
Ending age
Imperial Age
RankedLock teamsTeams togetherTeam positionsShared explorationLock speedFull tech treeHidden civsTurbo modeCheats
Victory
Defeat
🇺🇸 Bengalis · United States
1152
+16
🇪🇨 Persians · Ecuador
1147
+16
🇺🇸 Chinese · United States
1140
+16
🇨🇳 Slavs · China
1186
-18
🇲🇽 Vietnamese · Mexico
1157
-16
🇦🇷 Burgundians · Argentina
1104
-14
BittenDork
0:43 Loom
11:42 Feudal Age
16:17 Castle Age
17:04 Elite Skirmisher
18:13 Fletching
20:31 Double-Bit Axe
21:46 Crossbowman
26:35 Bodkin Arrow
27:11 Bow Saw
32:48 Imperial Age
30:30 Padded Archer Armor
32:27 Wheelbarrow
32:16 Ballistics
32:59 Thumb Ring
32:49 Arbalester
33:35 Bracer
33:55 Leather Archer Armor
34:12 Conscription
36:42 Chemistry
VZ | Thelord
7:16 Loom
9:50 Feudal Age
10:24 Double-Bit Axe
14:59 Town Watch
23:19 Castle Age
21:13 Fletching
21:24 Padded Archer Armor
21:45 Gold Mining
23:46 Wheelbarrow
23:03 Stone Mining
23:44 Bodkin Arrow
24:04 Horse Collar
24:31 Crossbowman
27:01 Leather Archer Armor
29:30 Thumb Ring
30:11 Masonry
30:51 Ballistics
33:43 Bow Saw
36:55 Imperial Age
35:06 Scale Barding Armor
35:12 Forging
35:54 Bloodlines
35:48 Husbandry
37:26 Heavy Plow
37:23 Heavy Camel Rider
39:07 Chain Barding Armor
39:40 Iron Casting
41:35 Plate Barding Armor
42:25 Gold Shaft Mining
43:02 Hand Cart
45:15 Blast Furnace
46:56 Town Patrol
Jersey_TitanX
0:28 Loom
11:20 Feudal Age
14:19 Double-Bit Axe
17:06 Padded Archer Armor
16:57 Fletching
23:27 Castle Age
21:28 Horse Collar
25:04 Bow Saw
27:39 Heavy Plow
28:30 Wheelbarrow
29:12 Sanctity
29:03 Fervor
28:31 Pikeman
32:10 Imperial Age
29:45 Gold Mining
29:46 Stone Mining
31:27 Scale Barding Armor
31:41 Husbandry
31:52 Bloodlines
33:40 Block Printing
33:23 Herbal Medicine
35:18 Elite Battle Elephant
36:55 Chain Barding Armor
38:01 Forging
39:04 Plate Barding Armor
39:38 Paiks
45:10 Iron Casting
46:55 Conscription
46:56 Mahayana
46:57 Bodkin Arrow
47:17 Leather Archer Armor
48:03 Blast Furnace
tavoo
7:38 Loom
9:46 Feudal Age
10:24 Double-Bit Axe
11:56 Wheelbarrow
13:42 Fletching
17:55 Padded Archer Armor
23:22 Castle Age
prieto_matias
6:36 Double-Bit Axe
11:22 Feudal Age
12:39 Loom
24:07 Castle Age
La Hire
10:31 Feudal Age
12:00 Loom
15:08 Castle Age
15:11 Double-Bit Axe
15:08 Horse Collar
23:13 Heavy Plow
25:40 Wheelbarrow
25:40 Bow Saw
27:01 Hand Cart
27:58 Scale Barding Armor
27:53 Fletching
29:46 Chain Barding Armor
30:04 Forging
30:19 Gold Mining
31:13 Town Watch
32:35 Bloodlines
32:26 Husbandry
33:40 Ballistics
34:05 Iron Casting
33:25 Bodkin Arrow
35:36 Gold Shaft Mining
34:51 Stone Mining
38:25 Imperial Age
36:05 Stone Mining
38:09 Padded Archer Armor
38:29 Elite Boyar
39:31 Conscription
39:50 Hoardings
40:17 Blast Furnace
39:53 Plate Barding Armor
39:33 Detinets
39:44 Detinets
40:41 Siege Engineers
41:37 Chemistry
39:59 Light Cavalry
42:46 Hussar
Connection lost

Rejoining the realm…

Still unreachable

The connection could not be restored.

Session expired

The server has moved on; the page needs a fresh start.